 Seeded DCSS version 0.30-a0-4-ga7cffc901d (webtiles) character file.

Game seed: 9366967473025012637 (custom seed)

3154 flotson the Chopper (level 9, -4/69 HPs)
             Began as a Demonspawn Delver on Aug 21, 2022.
             Slain by a warg (8 damage)
             ... on level 8 of the Dungeon.
             The game lasted 00:09:58 (7700 turns).

flotson the Chopper (Demonspawn Delver)             Turns: 7700, Time: 00:09:58

Health: -4/69      AC: 12    Str: 16    XL:     9   Next: 62%
Magic:  3/3        EV: 27    Int: 15    God:
Gold:   390        SH:  0    Dex: 14    Spells: 8/8 levels left

rFire   + . .      SeeInvis .    a - +6 broad axe "Orb Guardian's Bane" {antimagic, rElec rCorr}
rCold   + . .      Faith    .    (no shield)
rNeg    . . .      Spirit   .    e - +2 ring mail {rF+}
rPois   .          Reflect  .    (helmet restricted)
rElec   +          Harm     .    z - +0 cloak
rCorr   +          Rampage  .    H - +0 pair of gloves
Will    .....                    j - +1 pair of boots
Stlth   ++........               m - amulet of the acrobat
HPRegen 0.21/turn                y - ring of protection from cold
MPRegen 0.08/turn                (no ring)

@: acrobatic
A: antennae 1, powered by death 2, spiny 1, big brain 1
a: no special abilities


You were on level 8 of the Dungeon.
You visited 2 branches of the dungeon, and saw 9 of its levels.

You collected 579 gold pieces.
You spent 189 gold pieces at shops.

Inventory:

Hand Weapons
 a - the +6 broad axe "Orb Guardian's Bane" (weapon) {antimagic, rElec rCorr}
   (You bought it in a shop on level 2 of the Dungeon)

   It reduces the magical energy of the wielder, and disrupts the spells and
   magical abilities of those it strikes.
   Natural abilities and divine invocations are not affected.
   rElec:     It insulates you from electricity.
   rCorr:     It protects you from acid and corrosion.
 b - the +3 sling of the Common Good {vorpal, rF+++ rN++ Str-5 Int+2}
   (You found it on level 3 of the Dungeon)

   Any ammunition fired from it inflicts extra damage upon your enemies.
   Str:       It affects your strength (-5).
   Int:       It affects your intelligence (+2).
   rF:        It renders you almost immune to fire.
   rN:        It greatly protects you from negative energy.
Missiles
 i - 17 poisoned darts (quivered)
 s - 3 boomerangs of dispersal
 E - 14 boomerangs
 J - a curare-tipped dart
Armour
 e - a +2 ring mail of fire resistance (worn)
 j - a +1 pair of boots (worn)
 z - a +0 cloak (worn)
 H - a +0 pair of gloves (worn)
Jewellery
 m - an amulet of the acrobat (around neck)
 y - a ring of protection from cold (left hand)
Wands
 g - a wand of digging (3)
 v - a wand of light (12)
Scrolls
 c - a scroll of fog
 d - 3 scrolls of magic mapping
 h - 2 scrolls of immolation {unknown}
 l - 8 scrolls of identify {unknown}
 n - 2 scrolls of blinking {unknown}
 o - 3 scrolls of teleportation {unknown}
 p - 3 scrolls of poison {unknown}
 r - a scroll of torment {unknown}
 u - a scroll of enchant weapon {unknown}
 x - a scroll of silence {unknown}
 C - a scroll of vulnerability {unknown}
 D - a scroll of fear
 F - a scroll of brand weapon {unknown}
 G - a scroll of butterflies {unknown}
Potions
 f - a potion of haste
 k - 3 potions of might {unknown}
 q - 2 potions of attraction {unknown}
 t - a potion of cancellation {unknown}
 w - 6 potions of curing {unknown}
 A - 2 potions of invisibility {unknown}
 B - 2 potions of berserk rage {unknown}
 I - a potion of heal wounds {unknown}


   Skills:
 + Level 5.6 Fighting
 * Level 6.4 Axes
 + Level 3.8 Ranged Weapons
 + Level 4.2 Throwing
 + Level 4.2 Armour
 + Level 4.7 Dodging
 - Level 4.5 Stealth
 + Level 4.5 Evocations


You had 8 spell levels left.
You didn't know any spells.
Your spell library contained the following spells:

 Spells                   Type           Power      Damage    Failure   Level
 Apportation              Tloc           0%         N/A       43%         1
 Necrotise                Necr           0%         1d4       43%         1
 Summon Small Mammal      Summ           0%         N/A       43%         1
 Call Canine Familiar     Summ           0%         N/A       82%         3
 Gell's Gravitas          Tloc           0%         N/A       82%         3
 Lesser Beckoning         Tloc           0%         N/A       82%         3
 Ozocubu's Armour         Ice            0%         N/A       82%         3
 Summon Guardian Golem    Hex/Summ       0%         N/A       82%         3
 Teleport Other           Tloc           0%         N/A       82%         3
 Animate Dead             Necr           0%         N/A       99%         4
 Borgnjor's Vile Clutch   Necr/Erth      0%         N/A       100%        5
 Death Channel            Necr           0%         N/A       100%        6
 Dispersal                Tloc           0%         N/A       100%        6
 Ozocubu's Refrigeration  Ice            0%         4d7       100%        7


Dungeon Overview and Level Annotations

Branches:
Dungeon (8/15)             Temple (1/1) D:7            Lair (0/5) D:8

Altars:
Ashenzari
Cheibriados
Dithmenos
Fedhas
Hepliaklqana
Kikubaaqudgha
Makhleb
Nemelex Xobeh
Okawaru
Qazlal
Ru
Trog
Uskayaw
Vehumet
Yredelemnul

Shops:
D:2 (   D:4 [


Innate Abilities, Weirdness & Mutations

You have a pair of small antennae on your head.
You regenerate health from kills.
You are partially covered in sharp spines.
You have an unusually large brain. (Int +2)


Message History

The orc warrior shouts!
You hit the warg.
The warg is lightly wounded.
You barely miss something. The orc priest misses you. The warg bites you.
Unknown command.
You hit the warg but do no damage.
The warg is lightly wounded.
You slash something! The warg is struck by your spines.
The warg barely misses you.
The orc priest begins to cast a cantrip, but forgets the words!
The warg is struck by your spines. The warg bites you.
Something hits you but does no damage.
An orc wizard comes into view. It is wielding a +0 dagger.
The orc priest calls down the wrath of Beogh upon you.
Beogh smites you!
The orc priest looks braver for a moment.
The orc closely misses you.
You are too injured to fight recklessly!
Unknown command.
You are too injured to fight recklessly!
Unknown command.
You are too injured to fight recklessly!
Unknown command.
You are too injured to fight recklessly!
The warg attacks as you move away! The warg is struck by your spines.
The warg misses you. The orc attacks as you move away!
The orc is struck by your spines. The orc hits you but does no damage.
The orc priest miscasts a cantrip.
Something hits you but does no damage. The warg barely misses you.
The warg attacks as you move away! The warg is struck by your spines.
The warg bites you but does no damage.
Found a falchion.
The orc priest calls down the wrath of Beogh upon you.
Beogh smites you!
* * * LOW HITPOINT WARNING * * *
The warg is struck by your spines. The warg misses you.
The orc priest calls down the wrath of Beogh upon you.
Beogh smites you!
* * * LOW HITPOINT WARNING * * *
The warg attacks as you move away! The warg bites you!
You die...

....#.............
....#.............
........##........
.........#........
######...#..#.<...
+.....##.....
+.##..##.....
+...#....#
##...#@...#
##....h...#..#
#...o{#..## ... #
#........# ..
.###.##.h##.......
.
.......oo#........
...................
..#####...###...#..
.....# ...##.


You could see 2 wargs, an orc warrior, an orc priest and an orc.

Vanquished Creatures
  Grinder (D:5)
  Sigmund (D:3)
  A wyvern (D:8)
  Eustachio (D:5)
  Edmund (D:4)
  A water moccasin (D:7)
  An orc warrior (D:6)
  An ice beast (D:7)
  3 sky beasts
  2 black bears
  An ogre (D:5)
  2 kobold brigands (D:8)
  Blork the orc (D:5)
  2 bullfrogs (D:7)
  5 scorpions
  3 howler monkeys
  3 hounds
  A jelly (D:7)
  4 orc priests
  Crazy Yiuf (D:4)
  4 iguanas
  11 orc wizards
  Robin (D:3)
  4 adders
  3 gnolls (D:3)
  2 white imps (D:7)
  2 worms
  4 dart slugs
  21 orcs
  4 endoplasms
  3 giant cockroaches
  12 goblins
  7 hobgoblins
  A quokka (D:2)
  4 ball pythons
  6 bats
  2 frilled lizards
  6 kobolds
  2 rats
135 creatures vanquished.

Vanquished Creatures (others)
  11 plants (D:7)
  6 withered plants (D:7)
17 creatures vanquished.

Grand Total: 152 creatures vanquished

Notes
Turn   | Place    | Note
-------+----------+-------------------------------------------
     0 | D:5      | flotson the Demonspawn Delver began the quest for the Orb.
     0 | D:5      | Reached XP level 1. HP: 18/18 MP: 1/1
    22 | D:5      | Noticed a scorpion
   338 | D:1      | Gained mutation: You have an unusually large brain. (Int
                  | +2) [demonic ancestry]
   338 | D:1      | Reached XP level 2. HP: 8/24 MP: 2/2
  1032 | D:1      | Gained mutation: You are partially covered in sharp spines.
                  | [demonic ancestry]
  1032 | D:1      | Reached XP level 3. HP: 29/29 MP: 3/3
  1222 | D:2      | Reached skill level 1 in Throwing
  1356 | D:2      | Reached skill level 1 in Armour
  1356 | D:2      | Reached skill level 1 in Evocations
  1479 | D:2      | Found Hab Hatt's Antique Weapon Shop.
  1481 | D:2      | Bought a brightly glowing broad axe for 189 gold pieces
  1481 | D:2      | Identified the +6 broad axe "Orb Guardian's Bane"
                  | {antimagic, rElec rCorr} (You bought it in a shop on level
                  | 2 of the Dungeon)
  1589 | D:2      | Reached skill level 2 in Axes
  1591 | D:2      | Gained mutation: You regenerate a little health from kills.
                  | [demonic ancestry]
  1591 | D:2      | Reached XP level 4. HP: 34/35 MP: 1/4
  1898 | D:2      | Found a sacrificial altar of Ru.
  2117 | D:3      | Noticed Robin
  2126 | D:3      | Killed Robin
  2156 | D:3      | Identified the +3 sling of the Common Good {vorpal, rF+++
                  | rN++ Str-5 Int+2}
  2236 | D:3      | Found a shadowy altar of Dithmenos.
  2265 | D:3      | Noticed Sigmund
  2272 | D:3      | Killed Sigmund
  2273 | D:3      | Reached skill level 3 in Axes
  2273 | D:3      | Reached skill level 1 in Ranged Weapons
  2273 | D:3      | Reached XP level 5. HP: 42/42 MP: 1/5
  2273 | D:3      | Reached XP level 6. HP: 48/48 MP: 2/6
  2760 | D:3      | Found a radiant altar of Vehumet.
  2908 | D:3      | Found a burning altar of Makhleb.
  3071 | D:4      | Found Xinaawk's Antique Armour Emporium.
  3111 | D:4      | Noticed Edmund
  3119 | D:4      | Killed Edmund
  3434 | D:4      | Found a runed translucent door.
  3435 | D:4      | Noticed Crazy Yiuf
  3647 | D:4      | Reached XP level 7. HP: 54/54 MP: 2/7
  4173 | D:4      | Killed Crazy Yiuf
  4435 | D:5      | Noticed Grinder
  4444 | D:5      | Reached skill level 4 in Axes
  4451 | D:5      | Killed Grinder
  4735 | D:5      | Gained mutation: You regenerate health from kills. [demonic
                  | ancestry]
  4735 | D:5      | Reached XP level 8. HP: 47/61 MP: 2/8
  4825 | D:5      | Noticed Blork the orc
  4832 | D:5      | Killed Blork the orc
  5177 | D:5      | Found a broken altar of Ashenzari.
  5204 | D:5      | Noticed Eustachio
  5214 | D:5      | Killed Eustachio
  5524 | D:6      | Reached skill level 5 in Axes
  5546 | D:6      | Reached skill level 5 in Fighting
  5720 | D:6      | Gained mutation: You have a pair of small antennae on your
                  | head. [demonic ancestry]
  5720 | D:6      | Reached XP level 9. HP: 68/68 MP: 3/9
  6392 | D:7      | Found an ancient bone altar of Kikubaaqudgha.
  6392 | D:7      | Found a blossoming altar of Fedhas.
  6521 | D:7      | Found a staircase to the Ecumenical Temple.
  6592 | Temple   | Entered the Ecumenical Temple
  6592 | Temple   | Found a transporter.
  6592 | Temple   | Found a transporter.
  6594 | Temple   | Found a transporter.
  6594 | Temple   | Found a transporter.
  6726 | D:7      | Reached skill level 6 in Axes
  7301 | D:7      | Found an ancient bone altar of Kikubaaqudgha.
  7301 | D:7      | Found a blossoming altar of Fedhas.
  7624 | D:7      | Found a staircase to the Ecumenical Temple.
  7690 | D:8      | Found a staircase to the Lair.
  7700 | D:8      | Slain by a warg

Illustrated notes

Levels and vault maps discovered:
D:1:      lordsloth_arrival_two_stooges, layout_loops_ring, hex_tiny,
          nicolae_figureground_sparkle
D:2:      layout_loops_cross, basic_altar, serial_shops, nicolae_shop_trees
D:3:      layout_basic, lemuel_crystal_altar, nicolae_vehumet_radiance,
          lemuel_crystal_altar, minmay_misc_feat_chi, chequers_decorated_corner,
          uniq_sigmund, uniq_robin
D:4:      layout_basic, serial_shops, nicolae_shop_hallway_stairs, uniq_edmund,
          uniq_crazy_yiuf_cottage
D:5:      layout_basic, lemuel_doored_altar, nicolae_tso_carved_into_rock,
          hangedman_decor_riveting, uniq_blork_the_orc, uniq_grinder,
          uniq_eustachio
D:6:      layout_basic, nicolae_sextant, nicolae_kite_square_tiling_tiny
D:7:      layout_basic, grunt_temple_overflow_growth_and_decay,
          minmay_temple_entry_enclosed_plants
D:8:      layout_cave_pools, erik_lair_orcish_takeover, st_stairs_8,
          kennysheep_cross_bottleneck, uniq_grum
Temple:   hellmonk_temple_divided_pantheon

Skill      XL: |  1  2  3  4  5  6  7  8  9 |
---------------+----------------------------+-----
Dodging        | 2 3 4 |  4.7
Throwing       | 1 2 3 4 |  4.2
Armour         | 1 2 3 4 |  4.2
Evocations     | 1 2 3 4 |  4.5
Axes           | 2 3 4 5 6 |  6.4
Ranged Weapons | 1 2 3 |  3.8
Fighting       | 4 5 |  5.6
Stealth        | |  4.5

Action                   |  1- 3 |  4- 6 |  7- 9 || total
-------------------------+-------+-------+-------++-------
Melee: Hand axe          |    80 |       |       ||    80
       Broad axe         |     4 |    57 |   158 ||   219
       Punch             |       |       |     1 ||     1
 Fire: Sling             |       |     8 |       ||     8
  Use: Scroll            |       |     1 |       ||     1
 Stab: Sleeping          |     5 |       |     4 ||     9
Armor: Leather armour    |    31 |     1 |       ||    32
       Scale mail        |       |    10 |       ||    10
       Ring mail         |       |     5 |    83 ||    88
Dodge: Dodged            |    31 |    23 |   100 ||   154

Table legend: (Time is in decaauts)
 A = Elapsed time spent in this place.
 B = Non-inter-level travel time spent in this place.
 C = Inter-level travel time spent in this place.
 D = Time resting spent in this place.
 E = Time spent auto-exploring this place.
 F = Levels seen in this place.
 G = Mean time per level.
                   A        B        C        D        E       F      G
               +--------+--------+--------+--------+--------+-----+--------+
         Total |   7802 |   7553 |    249 |    203 |   6176 |   9 |  866.9 |
       Dungeon |   7764 |   7526 |    238 |    203 |   6171 |   8 |  970.5 |
        Temple |     37 |     27 |     10 |      0 |      5 |   1 |   37.0 |
               +--------+--------+--------+--------+--------+-----+--------+

Top non-repeatable levels by time:
     D:4: 1464 daAuts
     D:7: 1415 daAuts
     D:5: 1215 daAuts
     D:2: 990 daAuts
     D:3: 958 daAuts
     D:1: 894 daAuts
     D:6: 775 daAuts
     D:8: 51 daAuts
  Temple: 37 daAuts
